 Dungeon Crawl Stone Soup version 0.27-a0-732-ga892ba84f6 (webtiles) character file.

Game seed: 15629491771683250156

16707 night the Thaumaturge (level 12, -3/88 HPs)
             Began as a Djinni Fire Elementalist on Mar 23, 2021.
             Was an Elder of Makhleb.
             Slain by an eight-headed hydra (11 damage)
             ... on level 4 of the Lair of Beasts.
             The game lasted 00:54:09 (15235 turns).

night the Thaumaturge (Djinni Fire Elementalist)   Turns: 15235, Time: 00:54:10

Health: -3/88      AC: 14    Str:  9    XL:     12   Next: 40%
Magic:  0/0        EV: 12    Int: 25    God:    Makhleb [****..]
Gold:   719        SH:  6    Dex: 15    Spells: 2/32 levels left

rFire    + + .     SeeInvis .   b - +4 morningstar
rCold    x . .     Faith    .   f - +1 buckler
rNeg     . . .     Spirit   .   N - +1 ring mail of the Game Afoot {Slay+3}
rPois    ∞         Reflect  .   (no helmet)
rElec    .         Harm     .   (no cloak)
rCorr    .         Rampage  .   i - +2 pair of gloves
Will     +....                  (boots unavailable)
Stlth    +.........             (no amulet)
HPRegen  0.24/turn              q - +6 ring of intelligence
MPRegen  0.00/turn              E - +4 ring of protection

@: flying
A: fire resistance 2, cold vulnerability 1, float, innate caster, hp casting,
extra vitality 1
a: Renounce Religion, Minor Destruction, Lesser Servant of Makhleb, Major
Destruction


You were on level 4 of the Lair of Beasts.
You worshipped Makhleb.
Makhleb was greatly pleased with you.
You visited 2 branches of the dungeon, and saw 13 of its levels.

You collected 719 gold pieces.

Inventory:

Hand Weapons
 b - a +4 morningstar (weapon)
 C - a +0 falchion of holy wrath
Missiles
 c - 166 arrows
 e - 499 stones
 h - 129 sling bullets
 s - 67 poisoned darts
 t - 76 bolts
 I - 4 boomerangs
 L - 2 atropa-tipped darts
 S - 6 javelins
Armour
 f - a +1 buckler (worn)
 i - a +2 pair of gloves (worn)
 N - the +1 ring mail of the Game Afoot (worn) {Slay+3}
   (You found it on level 8 of the Dungeon)

   It affects your accuracy and damage with ranged weapons and melee attacks
   (+3).
Magical Staves
 A - a staff of fire
Jewellery
 q - a +6 ring of intelligence (right hand)
 E - a +4 ring of protection (left hand)
 P - a ring of positive energy
 Q - a ring of see invisible
Wands
 d - a wand of polymorph (22)
 j - a wand of flame (19)
 B - a wand of digging (5)
 M - a wand of paralysis (15)
 O - a wand of random effects (15)
 R - a wand of mindburst (12)
Scrolls
 g - 6 scrolls of identify
 k - 2 scrolls of teleportation
 m - a scroll of fog
 u - 3 scrolls of enchant armour
 w - 3 scrolls of enchant weapon
 F - a scroll of silence
Potions
 n - 4 potions of mutation
 o - a potion of heal wounds
 p - a potion of haste
 r - 7 potions of curing
 v - a potion of ambrosia
 z - 3 potions of lignification
 D - 2 potions of might
 G - 2 potions of brilliance
 K - 2 potions of cancellation
 T - a potion of attraction
Miscellaneous
 l - a tin of tremorstones (2/2)
 H - a lightning rod (4/4)


   Skills:
 + Level 8.9 Fighting
 + Level 6.8 Maces & Flails
 + Level 4.6 Armour
 + Level 5.8 Dodging
 - Level 1.5 Stealth
 - Level 4.0 Shields
 * Level 10.7 Spellcasting
 - Level 7.0 Invocations


You had 2 spell levels left.
You knew the following spells:

 Your Spells              Type           Power      Damage    Failure   Level
a - Foxfire               Conj/Fire      100%       2x1d9     1%          1
b - Poisonous Vapours     Pois/Air       100%       N/A       1%          2
c - Inner Flame           Hex/Fire       61%        N/A       1%          3
d - Sticky Flame          Conj/Fire      61%        2d8       1%          4
e - Fireball              Conj/Fire      30%        3d13      4%          5
f - Summon Small Mammal   Summ           100%       N/A       1%          1
g - Conjure Flame         Conj/Fire      61%        6-21      1%          3
h - Summon Guardian Gole  Hex/Summ       61%        N/A       1%          3
i - Summon Lightning Spi  Summ/Air       61%        N/A       1%          4
j - Petrify               Tmut/Erth      61%        N/A       1%          4
Your spell library was empty.

Dungeon Overview and Level Annotations

Branches:
Dungeon (9/15)             Temple (0/1) D:7            Lair (4/6) D:9
  Swamp (0/4) Lair:3        Snake (0/4) Lair:3
    Orc: D:9-12

Altars:
Makhleb
Okawaru
Uskayaw

Shops:
D:1 !

Annotations:
D:6 3 runed translucent doors, diceflayer's ghost, novice FoFi
D:7 2 transporters, emiel's ghost, novice FoWn
Lair:4 1 runed translucent door, Dosewi's ghost, journeyman DECj


Innate Abilities, Weirdness & Mutations

You are immune to poison.
Your flesh is very heat resistant. (rF++)
You are vulnerable to cold. (rC-)
You float through the air rather than walking.
You learn spells naturally, not from books.
Your magical power is your life essence.
You have superior vitality. (+4 HP)


Message History

The eight-headed hydra bites your lightning spire but does no damage. x3
The eight-headed hydra barely misses your lightning spire.
The eight-headed hydra bites your lightning spire!
The eight-headed hydra bites your lightning spire but does no damage.
The eight-headed hydra bites your lightning spire!
Your lightning spire is destroyed!
Okay, then.
Casting: Conjure Flame (safe; 1% risk of failure)
Confirm with . or Enter, or press ? or * to list all spells.
Aiming: Petrify (mildly dangerous; 1% risk of failure)
Press: ? - help, Shift-Dir - straight line, f/p - eight-headed hydra
Aim: an eight-headed hydra (heavily wounded, chance to affect: 43%)
The eight-headed hydra resists with some effort.
Casting: Petrify (mildly dangerous; 1% risk of failure)
Confirm with . or Enter, or press ? or * to list all spells.
Aiming: Petrify (mildly dangerous; 1% risk of failure)
Press: ? - help, Shift-Dir - straight line, f/p - eight-headed hydra
Aim: an eight-headed hydra (heavily wounded, chance to affect: 43%)
The eight-headed hydra resists with some effort.
The eight-headed hydra bites you. x2
You block the eight-headed hydra's attack.
The eight-headed hydra misses you.
The eight-headed hydra bites you but does no damage. x2
The eight-headed hydra bites you.
The eight-headed hydra bites you but does no damage.
Casting: Petrify (mildly dangerous; 1% risk of failure)
Confirm with . or Enter, or press ? or * to list all spells.
Aiming: Petrify (mildly dangerous; 1% risk of failure)
Press: ? - help, Shift-Dir - straight line, f/p - eight-headed hydra
Aim: an eight-headed hydra (heavily wounded, chance to affect: 43%)
The eight-headed hydra is moving more slowly.
The eight-headed hydra bites you!
* * * LOW HITPOINT WARNING * * *
The eight-headed hydra bites you but does no damage.
The eight-headed hydra misses you.
The eight-headed hydra barely misses you.
The eight-headed hydra bites you!
* * * LOW HITPOINT WARNING * * *
The eight-headed hydra bites you!
You die...

.#.WY#...........................
.#!?$#...........................
.#...#...........................
.#####.......##....####.#....#P..
.............###...## ##....###..
#......^.....# #...P# ##...# #..
#............###..P.# #...###..
.............##....######...##...
#............###@..##..#....##...
#.............##D.....#.....##P..
#..............#............#....
#.............##.............#...
#.............##.............##..
#.............##§...##.#.....#...
PP.<.........##....######.....#..
.P...........#.#...# ##<.......
#.............##...# #.........


You could see an eight-headed hydra (petrifying).

Vanquished Creatures
  3 hydras
  A cyclops (D:9)
  3 elephants
  5 cane toads (Lair:2)
  2 black mambas (Lair:4)
  2 komodo dragons (Lair:3)
  A demonic crawler (Lair:4)
  A troll (D:9)
  2 blink frogs (Lair:2)
  7 wyverns
  13 yaks
  4 basilisks
  3 swamp worms (Lair:4)
  11 water moccasins
  2 sky beasts (D:8)
  An ice beast (D:9)
  4 ogres
  3 centaurs (D:8)
  2 phantoms
  8 bullfrogs
  4 scorpions
  5 wights (D:6)
  4 howler monkeys
  A centaur zombie (D:5)
  2 bullfrog zombies (D:9)
  A jelly (D:8)
  3 hounds
  2 centaur skeletons (D:4)
  4 orc priests
  4 bullfrog skeletons
  3 iguanas
  Ijyb (D:3)
  4 orc wizards
  6 worker ants
  A killer bee zombie (D:6)
  2 hound skeletons (D:4)
  2 howler monkey zombies
  A worker ant zombie (D:5)
  A howler monkey skeleton (D:6)
  9 adders
  2 shadow imps (D:9)
  2 white imps
  3 ufetubi
  An adder skeleton (D:5)
  An adder zombie (D:6)
  A worm (D:2)
  A dart slug (D:3)
  6 orcs
  4 ball pythons
  5 giant cockroaches
  7 hobgoblins
  7 jackals
  11 oozes
  10 quokkas
  5 bats
  4 frilled lizards
  5 goblins
  10 kobolds
  A quokka skeleton (D:4)
  A quokka zombie (D:5)
  9 rats
  A butterfly (Lair:1)
235 creatures vanquished.

Vanquished Creatures (collateral kills)
  An elephant (Lair:4)
  A komodo dragon (Lair:4)
  2 trolls (D:9)
  3 blink frogs (Lair:2)
  A basilisk (Lair:2)
  10 yaks
  3 nagas (Lair:3)
  2 water moccasins (D:9)
  A black bear (D:9)
  A kobold brigand (D:8)
  A bullfrog (D:6)
  A howler monkey (D:7)
  An iguana (D:7)
  2 worker ants (D:7)
  An adder (D:8)
  A shadow imp (D:8)
  A white imp (D:7)
  3 orcs
  4 kobolds (D:8)
  A quokka (D:8)
  A ball python (D:3)
  5 foxfires
47 creatures vanquished.

Vanquished Creatures (others)
  A cane toad (Lair:1)
  2 yaks (D:9)
  An orc warrior (D:6)
  An ogre (D:7)
  A hound (D:9)
  611 foxfires
  22 fungi
  25 plants
664 creatures vanquished.

Grand Total: 946 creatures vanquished

Notes
Turn   | Place    | Note
-------+----------+-------------------------------------------
     0 | D:1      | night the Djinni Fire Elementalist began the quest for the
                  | Orb.
     0 | D:1      | Reached XP level 1. HP: 15/15 MP: 0/0
   232 | D:1      | Reached XP level 2. HP: 18/22 MP: 0/0
   728 | D:1      | Found Aratoj's Distillery.
   848 | D:1      | Reached skill level 1 in Fighting
  1037 | D:1      | Reached skill level 3 in Spellcasting
  1198 | D:2      | Reached XP level 3. HP: 24/27 MP: 0/0
  1198 | D:2      | Learned a level 1 spell: Summon Small Mammal
  1284 | D:2      | Found a burning altar of Makhleb.
  1301 | D:2      | Became a worshipper of Makhleb the Destroyer
  1521 | D:2      | Reached skill level 1 in Armour
  1769 | D:2      | You are sucked into a shaft and drop 1 floor!
  1770 | D:3      | Noticed Ijyb
  1791 | D:3      | Killed Ijyb
  1792 | D:3      | Reached skill level 2 in Fighting
  1792 | D:3      | Reached XP level 4. HP: 14/33 MP: 0/0
  2532 | D:3      | Reached skill level 1 in Shields
  2724 | D:3      | Reached * piety under Makhleb
  3124 | D:4      | Reached XP level 5. HP: 33/39 MP: 0/0
  3124 | D:4      | Learned a level 2 spell: Poisonous Vapours
  3309 | D:4      | Reached skill level 1 in Invocations
  3543 | D:4      | Reached skill level 2 in Shields
  3543 | D:4      | Reached XP level 6. HP: 45/45 MP: 0/0
  3571 | D:4      | Reached skill level 4 in Spellcasting
  3986 | D:5      | Entered Level 5 of the Dungeon
  3991 | D:5      | Reached skill level 2 in Invocations
  4020 | D:5      | Reached XP level 7. HP: 49/50 MP: 0/0
  4020 | D:5      | Learned a level 3 spell: Summon Guardian Golem
  4482 | D:5      | Reached skill level 5 in Spellcasting
  4844 | D:5      | Reached XP level 8. HP: 56/58 MP: 0/0
  5089 | D:5      | Reached ** piety under Makhleb
  5832 | D:6      | Found a runed translucent gate.
  5839 | D:6      | Found a runed translucent gate.
  5839 | D:6      | Found a runed translucent gate.
  5841 | D:6      | Noticed diceflayer's ghost (novice FoFi)
  6067 | D:6      | Reached skill level 6 in Spellcasting
  6191 | D:6      | Reached skill level 1 in Maces & Flails
  6585 | D:6      | Reached skill level 5 in Fighting
  6585 | D:6      | Reached XP level 9. HP: 48/65 MP: 0/0
  6585 | D:6      | Learned a level 4 spell: Summon Lightning Spire
  6799 | D:7      | Reached skill level 2 in Maces & Flails
  6853 | D:7      | Found a staircase to the Ecumenical Temple.
  7206 | D:7      | Noticed emiel's ghost (novice FoWn)
  7206 | D:7      | Identified the +0 dire flail of Ashenzari's Regard {spect,
                  | Dex+6}
  7209 | D:7      | Found a transporter.
  7216 | D:7      | Found a transporter.
  7264 | D:7      | Found a hide-covered altar of Uskayaw.
  7500 | D:8      | Reached skill level 7 in Spellcasting
  7569 | D:8      | Reached skill level 5 in Invocations
  8029 | D:8      | Reached *** piety under Makhleb
  8252 | D:8      | Identified the +1 ring mail of the Game Afoot {Slay+3}
  8658 | D:9      | Noticed a cyclops
  8668 | D:9      | Killed a cyclops
  8669 | D:9      | Reached XP level 10. HP: 60/73 MP: 0/0
  8744 | D:9      | Reached skill level 8 in Spellcasting
  8872 | D:9      | Found a staircase to the Lair.
  9210 | D:9      | Reached **** piety under Makhleb
  9507 | D:9      | Found an iron altar of Okawaru.
  9535 | D:9      | Reached skill level 5 in Maces & Flails
  9565 | D:9      | Reached skill level 9 in Spellcasting
  9709 | Lair:1   | Entered Level 1 of the Lair of Beasts
  9734 | Lair:1   | Noticed an eight-headed hydra
  9745 | Lair:1   | Killed an eight-headed hydra
  9746 | Lair:1   | Reached XP level 11. HP: 51/79 MP: 0/0
  9746 | Lair:1   | Learned a level 4 spell: Petrify
 10312 | Lair:1   | Reached skill level 2 in Armour
 10451 | Lair:1   | Noticed a seven-headed hydra
 10464 | Lair:1   | Killed a seven-headed hydra
 11729 | Lair:2   | Reached skill level 10 in Spellcasting
 11913 | Lair:2   | Noticed a six-headed hydra
 11971 | Lair:2   | Killed a six-headed hydra
 12868 | Lair:3   | Reached skill level 5 in Dodging
 12868 | Lair:3   | Reached XP level 12. HP: 88/88 MP: 0/0
 12968 | Lair:3   | Found a staircase to the Snake Pit.
 13033 | Lair:3   | Found a staircase to the Swamp.
 14542 | Lair:4   | Found a runed translucent door.
 14542 | Lair:4   | Noticed a dire elephant
 14542 | Lair:4   | Noticed Dosewi's ghost (journeyman DECj)
 14586 | Lair:4   | Noticed an eight-headed hydra
 15235 | Lair:4   | HP: 8/88 [eight-headed hydra (10)]
 15235 | Lair:4   | Slain by an eight-headed hydra

Illustrated notes

Levels and vault maps discovered:
D:1:      ncdulo_smallfort, layout_basic, serial_shops, shop,
          amcnicky_mini_pool_small, minmay_tromino_v4_a
D:2:      minmay_general_purpose_star, layout_basic, hangedman_decor_growths,
          bloody_makhleb
D:3:      layout_basic, kennysheep_generic_room_8, uniq_ijyb
D:4:      layout_gridville
D:5:      kb_forest_paths, layout_basic
D:6:      layout_basic, gammafunk_ghost_necromancy
D:7:      layout_rooms, minmay_temple_entry_overgrown, gammafunk_ghost_smash,
          basic_altar
D:8:      layout_cave_pools
D:9:      layout_rooms, kennysheep_little_box, minmay_lair_entry_grove
Lair:1:   layout_concentric_octagons, lemuel_fruit_fields, lemuel_fruit_tree
Lair:2:   layout_loops_ring
Lair:3:   layout_regular_city, swamp_mist_pool,
          minmay_snake_entry_guardpost_small, grunt_megastairs_3
Lair:4:   layout_long_grid, ebering_ghost_inner_flame, worms_lemuel

Skill      XL: |  1  2  3  4  5  6  7  8  9 10 11 12 |
---------------+-------------------------------------+-----
Fighting       | 1 2 3 5 6 7 8 |  8.9
Spellcasting   | 3 4 5 6 7 9 10 | 10.7
Armour         | 1 3 4 |  4.6
Shields        | 1 2 3 4 |  4.0
Invocations    | 1 2 3 4 5 7 |  7.0
Maces & Flails | 1 3 5 6 |  6.8
Dodging        | 5 |  5.8
Stealth        | |  1.5

Action                   |  1- 3 |  4- 6 |  7- 9 | 10-12 || total
-------------------------+-------+-------+-------+-------++-------
Melee: Morningstar       |     4 |    35 |    94 |   145 ||   278
       Dagger            |     1 |       |       |       ||     1
 Cast: Foxfire           |    62 |    65 |    95 |   130 ||   352
       Summon Small Mamm |     3 |       |     3 |     4 ||    10
       Poisonous Vapours |       |     5 |    72 |    34 ||   111
       Summon Guardian G |       |       |     6 |    19 ||    25
       Conjure Flame     |       |       |     2 |    14 ||    16
       Summon Lightning  |       |       |     9 |    31 ||    40
       Fireball          |       |       |     3 |     8 ||    11
       Sticky Flame      |       |       |       |    20 ||    20
       Petrify           |       |       |       |    20 ||    20
       Inner Flame       |       |       |       |     1 ||     1
Evoke: Wand              |       |       |     1 |     1 ||     2
       Lightning rod     |       |       |       |     2 ||     2
  Use: Potion            |     1 |       |       |       ||     1
       Scroll            |       |       |       |    22 ||    22
 Stab: Sleeping          |       |     1 |     1 |       ||     2
       Petrified         |       |       |       |    36 ||    36
       Distracted        |       |       |       |     1 ||     1
       Petrifying        |       |       |       |     1 ||     1
Armor: Robe              |     5 |     9 |       |       ||    14
       Skin              |     1 |       |       |       ||     1
       Leather armour    |       |    12 |    34 |       ||    46
       Ring mail         |       |       |     1 |    80 ||    81
Dodge: Dodged            |     8 |    21 |    96 |   102 ||   227
Block: Buckler           |     3 |     7 |    55 |    56 ||   121

Table legend: (Time is in decaauts)
 A = Elapsed time spent in this place.
 B = Non-inter-level travel time spent in this place.
 C = Inter-level travel time spent in this place.
 D = Time resting spent in this place.
 E = Time spent auto-exploring this place.
 F = Levels seen in this place.
 G = Mean time per level.
                   A        B        C        D        E       F      G
               +--------+--------+--------+--------+--------+-----+--------+
         Total |  15338 |  14944 |    394 |   2550 |   9823 |  13 | 1179.8 |
       Dungeon |  10137 |   9872 |    265 |   1466 |   6682 |   9 | 1126.3 |
          Lair |   5201 |   5072 |    129 |   1084 |   3141 |   4 | 1300.2 |
               +--------+--------+--------+--------+--------+-----+--------+

Top non-repeatable levels by time:
  Lair:3: 1600 daAuts
     D:6: 1439 daAuts
  Lair:2: 1420 daAuts
     D:9: 1418 daAuts
     D:5: 1378 daAuts
  Lair:1: 1206 daAuts
     D:1: 1192 daAuts
     D:8: 1183 daAuts
     D:2: 986 daAuts
  Lair:4: 972 daAuts
     D:3: 944 daAuts
     D:4: 878 daAuts
     D:7: 715 daAuts
